 Dungeon Crawl Stone Soup version 0.28-a0-1038-g9c4cb8273d (webtiles) character file.

Game seed: 17378523825911682813

33 siradein the Covered (level 3, -2/29 HPs)
             Began as a Human Fighter on Dec 8, 2021.
             Slain by an adder (3 damage)
             ... on level 1 of the Dungeon.
             The game lasted 00:02:14 (955 turns).

siradein the Covered (Human Fighter)                 Turns: 955, Time: 00:02:15

Health: -2/29      AC: 10    Str: 16    XL:     3   Next: 47%
Magic:  3/3        EV:  9    Int:  8    God:
Gold:   39         SH: 10    Dex: 14    Spells: 2/2 levels left

rFire   . . .      SeeInvis .   a - +0 flail
rCold   . . .      Faith    .   c - +0 buckler
rNeg    . . .      Spirit   .   b - +0 scale mail
rPois   .          Reflect  +   (no helmet)
rElec   .          Harm     .   (no cloak)
rCorr   +          Rampage  .   (no gloves)
Will    .....                   (no boots)
Stlth   ..........              e - amulet of reflection
HPRegen 0.09/turn               j - +4 ring of protection
MPRegen 0.08/turn               m - ring of resist corrosion

@: no status effects
A: no striking features
a: no special abilities


You were on level 1 of the Dungeon.
You visited 1 branch of the dungeon, and saw 2 of its levels.

You collected 39 gold pieces.

Inventory:

Hand Weapons
 a - a +0 flail (weapon)
Armour
 b - a +0 scale mail (worn)
 c - a +0 buckler (worn)
Jewellery
 e - an amulet of reflection (around neck)
 j - a +4 ring of protection (left hand)
 m - a ring of resist corrosion (right hand)
Scrolls
 f - a scroll of fog {unknown}
 k - 2 scrolls of vulnerability {unknown}
 l - a scroll of summoning {unknown}
Potions
 d - a potion of might
 g - a potion of haste {unknown}
 h - a potion of lignification {unknown}
 i - a potion of heal wounds {unknown}


   Skills:
 + Level 3.3 Fighting
 + Level 2.2 Maces & Flails
 + Level 3.4 Armour
 + Level 3.4 Shields


You had 2 spell levels left.
You didn't know any spells.
Your spell library was empty.

Dungeon Overview and Level Annotations

Branches:
Dungeon (2/15)

Altars:


Message History

The adder is moderately wounded.
The adder bites you. The kobold closely misses you.
You miss the adder.
The adder is moderately wounded.
You block the adder's attack. You block the kobold's attack.
The adder bites you but does no damage.
You closely miss the adder.
The adder is moderately wounded.
You block the adder's attack. The kobold barely misses you.
The adder bites you.
You are poisoned.
The adder poisons you! The kobold closely misses you.
You closely miss the adder.
The adder is moderately wounded.
You feel sick. You block the adder's attack. You block the kobold's attack.
You miss the adder.
The adder is moderately wounded.
You feel sick. You block the adder's attack. You block the kobold's attack.
You block the adder's attack.
You sock the adder!
The adder is almost dead.
You feel sick. You block the adder's attack. You block the kobold's attack.
The adder bites you but does no damage.
You miss the adder.
The adder is almost dead.
You feel sick. The kobold barely misses you. The adder bites you.
* * * LOW HITPOINT WARNING * * *
The kobold barely misses you.
You hit the adder but do no damage.
The adder is almost dead.
* * * LOW HITPOINT WARNING * * *
You feel sick.
You are no longer poisoned.
The adder bites you but does no damage. x2
The kobold hits you but does no damage.
Unknown command.
You barely miss the adder.
The adder is almost dead.
The adder bites you.
You die...

...........................#....#
.....########♣♣♣♣..........'...<#
.##..#......# ♣♣♣...#######..##
..#....####.# ♣♣♣♣♣ ####
..#.......#.# ..#......##.#
............#######
......####........#
................@.#
....######.....K.S#
#.########........#
#.................#
..................#
..................#
..................#
..........#########
...............#


You could see an adder and a kobold.

Vanquished Creatures
  4 ball pythons (D:1)
  6 bats
  An endoplasm (D:1)
  5 goblins (D:1)
  4 hobgoblins (D:1)
  A kobold (D:1)
  2 quokkas
  3 frilled lizards (D:1)
  4 rats (D:1)
30 creatures vanquished.

Notes
Turn   | Place    | Note
-------+----------+-------------------------------------------
     0 | D:1      | siradein the Human Fighter began the quest for the Orb.
     0 | D:1      | Reached XP level 1. HP: 18/18 MP: 1/1
   128 | D:1      | Reached XP level 2. HP: 24/24 MP: 2/2
   409 | D:1      | Reached XP level 3. HP: 29/29 MP: 3/3
   954 | D:1      | HP: 1/29 [poisoned by an adder]
   955 | D:1      | Slain by an adder

Illustrated notes

Levels and vault maps discovered:
D:1:      sevenhm_arrival_forest_fort_large_4, layout_basic,
          serial_corexii_hall, corexii_hall_statues_u,
          chequers_hall_statues_corner_a, minmay_3d_cube
D:2:      layout_rooms, uniq_jessica

Action                   || total
-------------------------++-------
Melee: Flail             ||   106
Armor: Scale mail        ||    61
Dodge: Dodged            ||    62
Block: Buckler           ||    66
       Reflection        ||     1

Table legend: (Time is in decaauts)
 A = Elapsed time spent in this place.
 B = Non-inter-level travel time spent in this place.
 C = Inter-level travel time spent in this place.
 D = Time resting spent in this place.
 E = Time spent auto-exploring this place.
 F = Levels seen in this place.
 G = Mean time per level.
                   A        B        C        D        E       F      G
               +--------+--------+--------+--------+--------+-----+--------+
         Total |    987 |    938 |     49 |      0 |    713 |   2 |  493.5 |
       Dungeon |    987 |    938 |     49 |      0 |    713 |   2 |  493.5 |
               +--------+--------+--------+--------+--------+-----+--------+

Top non-repeatable levels by time:
     D:1: 973 daAuts
     D:2: 13 daAuts
